cohdb
Replays
Latest Replays
All Replays
Popular Replays
Top Player Replays
Match Explorer
How It Works
Community
CoH3 Stats
Reddit
Sign in to upload your games and track your stats! →
Sign in with Steam
Match 39743134
Unlisted
Match 39743134
Overview
Messages
Build Orders
End
Kradschützen Motorcycle Team
Panzergrenadier Squad
Panzergrenadier Squad
Construct Light Support Kompanie
Assault Grenadier Squad
Fire Support Elements
MG34 Team
Panzerjäger Mechanized Group
Flakvierling Half-track
Pak 38 Anti-tank Gun Team
Construct Panzerarmee Kommand
2.5-tonne Medical Truck
Armored Reserves
le.IG 18 Support Gun Team
Panzer IV Assault Group
Emergency Repair Kits
Veteran Squad Leaders
Selects Panzerjäger Kommand Battlegroup
StuG Assault Group
Selects Tank Busters
Selects Crew Shock Tactics
Selects Anti-tank Overwatch
Selects Mine Fields
Selects Defensive Positions
Selects Butterfly Bomb Drop
Butterfly Bomb Drop
2.5-tonne Medical Truck
Butterfly Bomb Drop
Tiger Heavy Tank
Saueee
Colonel0tto
0
0
Comments
sign in to comment!
No comments posted yet!